AoeStats
← leeyoucheng1107

Four Lakes

508636331Analyzed
1v1 RM · 8d ago on Sep 23, 2026· 55m 35s· 2 players
Game mode
Random Map
Map size
Tiny (2 player)
Population
200
Speed
Normal
Resources
Standard
Victory
Conquest
Starting age
Dark Age
Ending age
Imperial Age
RankedLock teamsTeams togetherTeam positionsShared explorationLock speedFull tech treeHidden civsTurbo modeCheats
Victory
Defeat
🇦🇺 Italians · Australia
859
+17
🇹🇼 Magyars · Taiwan
885
-17
Gunna
3:50 Loom
10:06 Feudal Age
13:31 Double-Bit Axe
17:09 Castle Age
15:46 Fishing Lines
24:11 Bow Saw
30:06 Imperial Age
28:15 Wheelbarrow
27:45 Fletching
27:56 Padded Archer Armor
29:01 Ballistics
31:53 Chemistry
35:10 Two-Man Saw
40:07 Elite Genoese Crossbowman
46:04 Bodkin Arrow
46:24 Leather Archer Armor
46:12 Stone Mining
46:13 Gold Mining
52:38 Bracer
53:10 Ring Archer Armor
leeyoucheng1107
5:53 Loom
9:37 Feudal Age
10:12 Double-Bit Axe
12:40 Wheelbarrow
15:44 Horse Collar
18:25 Bloodlines
18:34 Town Watch
21:00 Horse Collar
25:31 Castle Age
24:21 Scale Barding Armor
26:34 Fletching
27:05 Chain Barding Armor
26:16 Light Cavalry
26:58 Husbandry
27:26 Heavy Plow
27:41 Bow Saw
29:21 Hand Cart
29:46 Town Patrol
29:57 Bodkin Arrow
30:02 Padded Archer Armor
33:17 Gold Mining
34:42 Corvinian Army
39:55 Imperial Age
44:26 Two-Man Saw
43:59 Hussar
44:21 Cavalier
51:31 Ballistics
52:55 Elite Skirmisher
Connection lost

Rejoining the realm…

Still unreachable

The connection could not be restored.

Session expired

The server has moved on; the page needs a fresh start.